 Dungeon Crawl Stone Soup version 0.24-a0-584-g9d6b971ae4 (webtiles) character file.

Game seed: 6836494502296108247, levelgen mode: deterministic

148078 Htamos the Devastator (level 18, -6/139 HPs)
             Began as a Human Conjurer on Sept 6, 2019.
             Was the Champion of Qazlal.
             Mangled by a wolf spider (11 damage)
             ... on level 3 of the Spider Nest.
             The game lasted 02:51:06 (43457 turns).

Htamos the Devastator (Human Conjurer)             Turns: 43457, Time: 02:51:07

Health: -6/139     AC: 21    Str: 10    XL:     18   Next: 10%
Magic:  34/34      EV: 16    Int: 25    God:    Qazlal [******]
Gold:   834        SH:  0    Dex: 14    Spells: 2/42 levels left

rFire    + . .     SeeInvis +   K - +7 whip (vamp)
rCold    + . .     Gourm    .   L - +4 large shield
rNeg     . . .     Faith    .   n - +2 leather armour {rC+}
rPois    +         Spirit   .   X - +2 hat
rElec    +         Reflect  .   T - +0 cloak of Yttoom {rElec rF+ Int+3 SInv}
rCorr    .         Harm     .   C - +3 pair of gauntlets of War {Slay+5}
MR       +....                  i - +0 pair of boots
Stlth    +.........             v - amulet of Xom's Recklessness {Regen+ Stlth+}
HPRegen  0.73/turn              k - +5 ring of protection
MPRegen  0.24/turn              m - ring of poison resistance

@: confused, protected from physical damage, slowed, repel missiles, very slow
A: no striking features
a: Upheaval, Elemental Force, Disaster Area, Renounce Religion


You were on level 3 of the Spider Nest.
You worshipped Qazlal.
Qazlal was exalted by your worship.
You were not hungry.

You visited 5 branches of the dungeon, and saw 27 of its levels.
You also visited: Ossuary and Gauntlet.

You collected 2519 gold pieces.
You spent 1685 gold pieces at shops.

Inventory:

Hand Weapons
 K - a +7 vampiric whip (weapon)
Missiles
 o - 7 datura-tipped darts (quivered)
 y - 12 atropa-tipped darts
Armour
 i - a +0 pair of boots (worn)
 l - the +1 leather armour of New Discoveries {-Tele rF+ Regen+ Dex+7}
   (You bought it in a shop on level 2 of the Orcish Mines)

   It affects your dexterity (+7).
   It protects you from fire.
   It prevents most forms of teleportation.
   It increases your rate of regeneration.
 n - a +2 leather armour of cold resistance (worn)
 u - a +0 cloak of magic resistance
 C - the +3 pair of gauntlets of War (worn) {Slay+5}
   (You found it on level 1 of the Lair of Beasts)

   It affects your accuracy and damage with ranged weapons and melee attacks
   (+5).
 L - a +4 large shield (worn)
 T - the +0 cloak of Yttoom (worn) {rElec rF+ Int+3 SInv}
   (You bought it in a shop on level 11 of the Dungeon)

   It affects your intelligence (+3).
   It protects you from fire.
   It insulates you from electricity.
   It lets you see invisible.
 V - a +1 shield of reflection
 X - a +2 hat (worn)
Jewellery
 k - a +5 ring of protection (left hand)
 m - a ring of poison resistance (right hand)
 v - the amulet of Xom's Recklessness (around neck) {Regen+ Stlth+}
   (You found it on level 2 of the Spider Nest)

   [amulet of regeneration]

   It increases your rate of regeneration.
   It makes you more stealthy.
 J - an uncursed ring of magical power
 Q - the ring of Qeiquqa {*Corrode rC+ rN++}
   (You found it on level 6 of the Lair of Beasts)

   [ring of protection from cold]

   It protects you from cold.
   It greatly protects you from negative energy.
   It may corrode you when you take damage.
 R - an uncursed ring of flight
 U - an uncursed amulet of magic regeneration
 W - an uncursed amulet of the gourmand
Wands
 a - a wand of iceblast (19)
 p - a wand of paralysis (5)
 q - a wand of polymorph (10)
 M - a wand of disintegration (2)
 S - a wand of flame (21)
Scrolls
 d - 8 scrolls of teleportation
 g - 15 scrolls of identify {@rr}
 r - a scroll of amnesia
 t - 7 scrolls of fog
 w - 14 scrolls of remove curse
 x - 2 scrolls of blinking
 E - 3 scrolls of magic mapping
 G - 2 scrolls of fear
Potions
 b - a potion of mutation
 h - 2 potions of haste
 j - 7 potions of brilliance
 s - 2 potions of might
 z - 3 potions of magic
 A - 3 potions of flight
 D - 3 potions of resistance
 F - 6 potions of curing {@qc}
 I - 2 potions of ambrosia
 N - a potion of berserk rage
 O - 6 potions of lignification
 Y - 4 potions of heal wounds
 Z - 6 potions of agility
Miscellaneous
 e - a fan of gales (inert)
 B - a crystal ball of energy
 P - a box of beasts
Comestibles
 c - 22 rations
 f - a chunk of flesh


   Skills:
 + Level 11.7 Fighting
 - Level 5.8 Maces & Flails
 - Level 10.7 Dodging
 - Level 2.0 Stealth
 * Level 13.3 Shields
 + Level 12.7 Spellcasting
 * Level 15.6 Conjurations
 - Level 9.5 Invocations


You had 2 spell levels left.
You knew the following spells:

 Your Spells              Type           Power        Failure   Level  Hunger
a - Magic Dart            Conj           ####         1%          1    None
b - Searing Ray           Conj           ######       1%          2    None
c - Iskenderun's Mystic   Conj           #######.     1%          4    None
d - Fulminant Prism       Conj/Hex       ######....   10%         4    None
e - Cause Fear            Hex            ###.......   92%         4    None
f - Dispel Undead         Necr           ###.....     99%         5    ###....
g - Iron Shot             Conj/Erth      ######....   82%         6    #####..
h - Orb of Destruction    Conj           #######...   32%         7    ######.
i - Spellforged Servitor  Conj/Summ      ######....   100%        7    ######.

Your spell library contained the following spells:

 Spells                   Type           Power        Failure   Level  Hunger
 Flame Tongue             Conj/Fire      #####        1%          1    None
 Throw Flame              Conj/Fire      ######       1%          2    None
 Beastly Appendage        Tmut           ###...       22%         1    None
 Confusing Touch          Hex            ###...       22%         1    None
 Corona                   Hex            ###....      22%         1    None
 Sandblast                Erth           ###...       22%         1    None
 Corpse Rot               Necr           N/A          34%         2    None
 Passwall                 Tmut/Erth      ###.....     34%         2    None
 Slow                     Hex            ###.....     34%         2    None
 Sticks to Snakes         Tmut           ###.....     34%         2    None
 Sublimation of Blood     Necr           ###.......   34%         2    None
 Conjure Flame            Conj/Fire      ######..     2%          3    None
 Dazzling Spray           Conj/Hex       ######       2%          3    None
 Stone Arrow              Conj/Erth      ######       2%          3    None
 Force Lance              Conj/Tloc      ######..     10%         4    None
 Sticky Flame             Conj/Fire      ######..     10%         4    None
 Bolt of Draining         Conj/Necr      ######....   26%         5    ###....
 Fireball                 Conj/Fire      ######....   26%         5    ###....
 Iskenderun's Battlesphe  Conj/Chrm      ######..     26%         5    ###....
 Venom Bolt               Conj/Pois      ######....   26%         5    ###....
 Confuse                  Hex            ###.....     56%         3    None
 Gell's Gravitas          Tloc           ###.......   56%         3    None
 Inner Flame              Hex/Fire       ###.....     56%         3    None
 Portal Projectile        Hex/Tloc       ###...       56%         3    None
 Spider Form              Tmut/Pois      ###.......   56%         3    None
 Bolt of Magma            Conj/Fire/Erth #####.....   58%         5    ###....
 Ice Form                 Ice/Tmut       ###.....     92%         4    None
 Leda's Liquefaction      Hex/Erth       ###.......   92%         4    None
 Petrify                  Tmut/Erth      ###.....     92%         4    None
 Agony                    Necr           ###.....     99%         5    ###....
 Blade Hands              Tmut           ###.......   99%         5    ###....
 Excruciating Wounds      Chrm/Necr      ###.......   99%         5    ###....
 Lee's Rapid Deconstruct  Erth           ###.......   99%         5    ###....
 Metabolic Englaciation   Hex/Ice        ###.......   99%         5    ###....
 Yara's Violent Unravell  Hex/Tmut       ###.......   99%         5    ###....


Dungeon Overview and Level Annotations

Branches:
Dungeon (15/15)            Temple (0/1) D:6            Lair (6/6) D:9
  Swamp (0/4) Lair:3       Spider (3/4) Lair:2        Slime (0/5) Lair:6
    Orc (2/2) D:11            Elf (1/3) Orc:2        Vaults (0/5) D:14
 Depths (0/5) D:15        Ossuary (visited)         Gauntlet (visited)

Altars:
Ashenzari
Elyvilon
Gozag
Hepliaklqana
Kikubaaqudgha
Qazlal
Ru
Sif Muna
Vehumet
Wu Jian
Xom
Zin
The Shining One

Shops:
D:11 [   Orc:2 [:=?

Portals:
Trove: D:13 (give +4 fire dragon scales)

Annotations:
D:4 2 transporters, Leibowitz's ghost, amateur DgVM
D:10 exclusion: 2 downstairs
D:11 exclusion: downstairs
Lair:1 exclusion: 3 oklob plants
Lair:5 exclusion: downstairs
Lair:6 2 transporters, Vainwen's ghost, journeyman VSFi
Spider:1 2 transporters, pentaxis93's ghost, journeyman TrMo
Spider:2 exclusion: 2 downstairs


Message History

The entropy weaver misses you. The entropy weaver hits you!
* * * LOW HITPOINT WARNING * * *
The entropy weaver hits you but does no damage.
The redback misses you. The wolf spider barely misses you. x2
The torpor snail misses you.
In your confused state, you trip and fall back down the stairs.
* * * LOW HITPOINT WARNING * * *
You hear an angry hiss. x3
The wolf spider closely misses you. x2
The redback is engulfed in freezing vapours.
You kill the redback!
Qazlal accepts your kill. The tarantella bites you!
* * * LOW HITPOINT WARNING * * *
The jumping spider leaps!
The tarantella is engulfed in blazing flames.
The wolf spider hits you!!
* * * LOW HITPOINT WARNING * * *
The wolf spider bites you!
You die...

...... #...# .
...^. ....###
.. ....#.......
... .^.........
#...#..........
.....○s?°○....?
^....yssa§..!..
..°.○ss@s...s..
....ssswss.....
^...°sss.°.....
s...sssw.......
...s...[^#s....
s.s...........^
.ss..s.... %...
s............^≈


You could see an emperor scorpion, an entropy weaver, 2 torpor snails, a demonic
crawler, 3 wolf spiders, a moth of wrath, an orb spider, 7 jumping spiders, 4
tarantellas and 10 redbacks.

Vanquished Creatures
  Gastronok (D:11)
  Kirke (D:13)
  An emperor scorpion (Lair:2)
  2 entropy weavers
  The ghost of Vumeko Hunn the Summoner, a journeyman MfSu of Ashenzari (D:12)
  Nessos (Lair:4)
  5 dire elephants (Lair:6)
  An ettin (D:11)
  Josephine (D:12)
  An ogre mage (D:15)
  3 vault guards (D:14)
  A centaur warrior (D:14)
  A catoblepas (D:15)
  An anaconda (Lair:6)
  6 hydras
  9 two-headed ogres
  4 tengu warriors
  3 orc high priests
  18 death yaks
  A deep elf knight (Elf:1)
  5 unseen horrors
  5 wizards (D:14)
  6 orc knights
  An orange crystal statue (Spider:1)
  4 necromancers
  5 orc sorcerers
  5 deep elf magi
  7 ugly things
  7 orb spiders
  An oklob plant (D:14)
  19 wolf spiders
  2 wolf spider zombies
  4 cyclopes
  4 elephants (Lair:6)
  A large abomination (Elf:1)
  4 centaur zombies
  A torpor snail (shapeshifter) (D:10)
  6 black mambas
  A naga mage (D:15)
  2 gargoyles
  9 komodo dragons
  4 centaur skeletons
  A rime drake (Lair:6)
  13 spiny frogs
  2 kobold demonologists (D:14)
  A yaktaur (D:11)
  A freezing wraith (D:14)
  18 jumping spiders
  7 demonic crawlers
  2 tengu conjurers (D:13)
  4 trolls
  6 meliai
  2 polar bears (Lair:4)
  3 hornets
  7 blink frogs
  2 meliai zombies
  11 slime creatures
  14 hippogriffs
  7 dream sheep
  Sigmund (D:2)
  3 shadows
  6 wraiths
  38 redbacks
  4 wyverns
  A centaur simulacrum (D:15)
  3 vampires
  A basilisk (Lair:4)
  18 yaks
  16 tarantellas
  A hungry ghost (D:14)
  A vampire mosquito (D:11)
  17 humans
  3 wargs
  18 water moccasins
  6 porcupines
  5 sky beasts
  33 orc warriors
  2 phantoms
  3 black bears
  14 ogres
  5 centaurs
  4 wolves (Lair:6)
  14 crocodiles
  2 big kobolds
  13 bullfrogs
  2 wyvern skeletons
  A scorpion (D:7)
  16 killer bees
  4 wights (D:12)
  2 howler monkeys
  2 electric eels (Lair:3)
  A bullfrog zombie (D:11)
  12 crimson imps
  6 hounds
  Crazy Yiuf (D:2)
  7 jellies
  25 orc priests
  2 bullfrog skeletons
  2 iguanas
  Terence (D:3)
  9 worker ants
  36 orc wizards
  2 hound zombies
  3 hound skeletons
  3 mummies (Ossuary)
  Robin (D:2)
  3 worker ant zombies
  14 adders
  4 shadow imps
  An adder skeleton (D:7)
  An adder zombie (D:8)
  5 worms
  4 dart slugs
  3 leopard geckos
  101 orcs
  5 giant cockroaches
  22 goblins
  12 hobgoblins
  22 jackals
  16 kobolds
  4 quokkas
  7 bats
  7 frilled lizards
  2 goblin zombies (Ossuary)
  3 hobgoblin zombies (Ossuary)
  A jackal skeleton (D:4)
  5 kobold zombies (Ossuary)
  2 leopard gecko skeletons
  8 rats
  2 fungi
  7 plants
897 creatures vanquished.

Vanquished Creatures (others)
  A polar bear (Lair:4)
  A wyvern (Lair:4)
  A yak (D:12)
  A human (D:13)
  6 fungi
  17 plants
  11 withered plants
38 creatures vanquished.

Grand Total: 935 creatures vanquished

Notes
Turn   | Place    | Note
-------+----------+-------------------------------------------
     0 | D:1      | Htamos the Human Conjurer began the quest for the Orb.
     0 | D:1      | Reached XP level 1. HP: 13/13 MP: 3/3
   316 | D:1      | Reached XP level 2. HP: 15/20 MP: 0/5
   464 | D:1      | Reached skill level 1 in Fighting
   530 | D:1      | Found an ancient bone altar of Kikubaaqudgha.
   803 | D:1      | Reached XP level 3. HP: 26/26 MP: 3/6
  1545 | D:2      | Noticed Sigmund
  1635 | D:1      | Learned a level 2 spell: Searing Ray
  1648 | D:2      | Killed Sigmund
  1648 | D:2      | Reached XP level 4. HP: 35/35 MP: 0/8
  1648 | D:2      | Reached XP level 5. HP: 41/41 MP: 0/9
  1648 | D:2      | Reached XP level 6. HP: 47/47 MP: 0/10
  1785 | D:2      | Found a hazy altar of Hepliaklqana.
  1850 | D:2      | Noticed Robin
  1885 | D:2      | Killed Robin
  2173 | D:2      | Found an opulent altar of Gozag.
  2429 | D:2      | Found an ornate altar of the Wu Jian Council.
  2429 | D:2      | Found a glowing silver altar of Zin.
  2618 | D:2      | Found a runed translucent door.
  2619 | D:2      | Noticed Crazy Yiuf
  2626 | D:2      | Killed Crazy Yiuf
  3125 | D:3      | Noticed Terence
  3145 | D:3      | Killed Terence
  3260 | D:3      | Found an opulent altar of Gozag.
  3345 | D:3      | Reached skill level 5 in Conjurations
  3600 | D:3      | Reached XP level 7. HP: 53/53 MP: 6/11
  3831 | D:3      | Found a white marble altar of Elyvilon.
  4187 | D:4      | Learned a level 4 spell: Iskenderun's Mystic Blast
  4192 | D:4      | Learned a level 4 spell: Fulminant Prism
  4211 | D:4      | Found a transporter.
  4211 | D:4      | Noticed Leibowitz's ghost (amateur DgVM)
  4226 | D:4      | Found a stormy altar of Qazlal.
  4228 | D:4      | Noticed a water elemental
  4232 | D:4      | Noticed an air elemental
  4314 | D:4      | Found a transporter.
  4361 | D:4      | Noticed a fire elemental
  4591 | D:4      | Became a worshipper of Qazlal Stormbringer
  5539 | D:5      | Entered Level 5 of the Dungeon
  5567 | D:5      | Found a sand-covered staircase.
  5579 | D:5      | Reached XP level 8. HP: 53/61 MP: 7/13
  5591 | Ossuary  | Entered an ossuary
  5591 | Ossuary  | Noticed a wraith
  5591 | Ossuary  | Noticed a wraith
  5591 | Ossuary  | Noticed a wraith
  5852 | Ossuary  | Noticed a wraith
  5878 | Ossuary  | Killed a wraith
  5878 | Ossuary  | Reached * piety under Qazlal
  5878 | Ossuary  | Reached skill level 6 in Conjurations
  7036 | D:5      | Reached skill level 5 in Fighting
  7231 | D:5      | Found a shattered altar of Ashenzari.
  7301 | D:5      | Found a sacrificial altar of Ru.
  7303 | D:5      | Found a shimmering altar of Xom.
  7303 | D:5      | Found a shimmering altar of Xom.
  7305 | D:5      | Found an ornate altar of the Wu Jian Council.
  7305 | D:5      | Found a white marble altar of Elyvilon.
  7305 | D:5      | Found a glowing golden altar of the Shining One.
  7417 | D:6      | Found a radiant altar of Vehumet.
  7580 | D:6      | Reached skill level 7 in Conjurations
  7769 | D:6      | Found a staircase to the Ecumenical Temple.
  7849 | D:6      | Reached XP level 9. HP: 68/68 MP: 7/16
  7960 | D:6      | Reached skill level 5 in Dodging
  8509 | D:6      | Reached skill level 5 in Spellcasting
  9336 | D:7      | Reached skill level 8 in Conjurations
  9509 | D:7      | Reached ** piety under Qazlal
  9948 | D:7      | Noticed a hippogriff
  9952 | D:7      | Killed a hippogriff
 10129 | D:7      | Reached XP level 10. HP: 55/77 MP: 10/18
 10558 | D:7      | Reached skill level 9 in Conjurations
 10832 | D:7      | Found a sacrificial altar of Ru.
 11109 | D:8      | Reached *** piety under Qazlal
 11659 | D:9      | Found a staircase to the Lair.
 11783 | D:9      | Found a glowing golden altar of the Shining One.
 11784 | D:9      | Found a shimmering blue altar of Sif Muna.
 11904 | D:9      | Reached skill level 1 in Shields
 11904 | D:9      | Reached skill level 1 in Invocations
 11969 | D:9      | Noticed a two-headed ogre
 11975 | D:9      | Killed a two-headed ogre
 12488 | D:10     | Entered Level 10 of the Dungeon
 13056 | D:10     | Reached XP level 11. HP: 55/84 MP: 20/20
 13059 | D:10     | Reached skill level 10 in Conjurations
 13770 | D:10     | Reached **** piety under Qazlal
 14054 | D:10     | Killed an unseen horror
 14385 | D:10     | Reached skill level 5 in Shields
 14428 | D:10     | Killed an unseen horror
 14831 | D:10     | Killed an unseen horror
 15883 | D:11     | Learned a level 4 spell: Cause Fear
 15948 | D:11     | Found Papityex's Armour Emporium.
 15956 | D:11     | Bought the +0 cloak of Yttoom {rElec rF+ Int+3 SInv} for
                  | 396 gold pieces
 16088 | D:11     | Noticed a cyclops
 16113 | D:10     | Reached XP level 12. HP: 81/92 MP: 18/22
 16217 | D:11     | Reached skill level 11 in Conjurations
 16400 | D:11     | Reached ***** piety under Qazlal
 17067 | D:11     | Noticed an unseen horror
 17071 | D:11     | Noticed a tengu warrior
 17072 | D:11     | Killed an unseen horror
 17077 | D:11     | Killed a tengu warrior
 17093 | D:11     | Reached skill level 5 in Invocations
 17122 | D:11     | Noticed Gastronok
 17353 | D:11     | Killed Gastronok
 17943 | D:11     | Identified a scroll of acquirement
 17973 | D:11     | Found a staircase to the Orcish Mines.
 18296 | D:12     | Noticed Josephine
 18658 | D:12     | Reached skill level 10 in Spellcasting
 18658 | D:12     | Reached XP level 13. HP: 99/99 MP: 27/27
 18848 | D:12     | Killed Josephine
 19207 | D:12     | Reached XP level 14. HP: 106/106 MP: 28/28
 19736 | D:12     | Reached skill level 12 in Conjurations
 19884 | D:12     | Found a runed translucent door.
 19885 | D:12     | Noticed Vumeko Hunn's ghost (journeyman MfSu)
 19926 | D:12     | Killed Vumeko Hunn's ghost
 20186 | D:13     | Got a transparent longbow
 20187 | D:13     | Identified the cursed +0 longbow of Disgust {speed, +Blink}
                  | (You found it on level 13 of the Dungeon)
 20497 | Lair:1   | Entered Level 1 of the Lair of Beasts
 21323 | Lair:1   | Found the +3 pair of gauntlets of War {Slay+5}
 22665 | Lair:2   | Found a hole to the Spider Nest.
 23100 | Lair:2   | You fall into a shaft and drop 1 floor!
 23380 | Lair:3   | Reached ****** piety under Qazlal
 24064 | Lair:3   | Found a staircase to the Swamp.
 24876 | Lair:4   | Noticed Nessos
 24898 | Lair:4   | Killed Nessos
 24898 | Lair:4   | Reached skill level 1 in Maces & Flails
 25785 | Lair:5   | Reached XP level 15. HP: 114/114 MP: 23/30
 26258 | Lair:4   | Reached skill level 13 in Conjurations
 26812 | Lair:6   | Entered Level 6 of the Lair of Beasts
 27004 | Lair:6   | Found a staircase to the Slime Pits.
 27194 | Lair:6   | Reached skill level 10 in Shields
 28388 | Lair:6   | Reached skill level 10 in Fighting
 29077 | Lair:6   | Noticed Vainwen's ghost (journeyman VSFi)
 29200 | Lair:6   | Found a transporter.
 29204 | Lair:6   | Found a transporter.
 29874 | Lair:6   | Got a scintillating silver ring
 29875 | Lair:6   | Identified the ring of Qeiquqa {*Corrode rC+ rN++} (You
                  | found it on level 6 of the Lair of Beasts)
 29890 | Lair:6   | Learned a level 5 spell: Dispel Undead
 30137 | Lair:6   | Reached skill level 10 in Dodging
 30137 | Lair:6   | Reached XP level 16. HP: 122/122 MP: 1/31
 30485 | D:13     | Noticed Kirke
 30491 | D:13     | Killed Kirke
 30743 | D:13     | Found a portal to a secret trove of treasure.
 30957 | D:13     | Learned a level 6 spell: Iron Shot
 30965 | D:13     | Learned a level 7 spell: Orb of Destruction
 31483 | D:14     | Found a gate leading to a gauntlet.
 31495 | Gauntlet | Entered a Gauntlet
 31495 | Gauntlet | Found a transporter.
 31495 | Gauntlet | Found a transporter.
 31495 | Gauntlet | Found a transporter.
 31644 | Gauntlet | Found a transporter.
 31654 | Gauntlet | Found a transporter.
 31658 | Gauntlet | Found a transporter.
 31668 | Gauntlet | Found a transporter.
 31713 | Gauntlet | Found a transporter.
 31713 | Gauntlet | Found a transporter.
 31755 | Gauntlet | Found a transporter.
 31759 | Gauntlet | Found a transporter.
 31769 | Gauntlet | Found a transporter.
 31869 | D:14     | Reached skill level 14 in Conjurations
 32186 | D:14     | Found a stormy altar of Qazlal.
 33410 | D:14     | Found a gate to the Vaults.
 33530 | D:15     | Entered Level 15 of the Dungeon
 33545 | D:15     | Reached skill level 5 in Maces & Flails
 34286 | D:15     | Found a staircase to the Depths.
 34613 | D:15     | Identified the cursed +3 war axe of Wimybbeg {flame, Str+3
                  | Int+5 Dex-4}
 34959 | D:14     | Reached XP level 17. HP: 97/130 MP: 19/33
 35856 | Orc:1    | Entered Level 1 of the Orcish Mines
 36638 | Orc:2    | Entered Level 2 of the Orcish Mines
 38681 | Orc:2    | Found a staircase to the Elven Halls.
 39616 | Orc:2    | Found Qexzon's Magic Scroll Shoppe.
 39616 | Orc:2    | Found Woheptaish's Antique Armour Shoppe.
 39617 | Orc:2    | Found Zezxoqij's Jewellery Boutique.
 39617 | Orc:2    | Found Vubappas's Book Boutique.
 39634 | Orc:2    | Learned a level 7 spell: Spellforged Servitor
 39646 | Orc:2    | Bought a dazzling leather armour for 301 gold pieces
 39646 | Orc:2    | Identified the +1 leather armour of New Discoveries {-Tele
                  | rF+ Regen+ Dex+7} (You bought it in a shop on level 2 of
                  | the Orcish Mines)
 39673 | Orc:2    | Bought a scroll of enchant armour for 112 gold pieces
 39673 | Orc:2    | Bought a scroll of enchant armour for 112 gold pieces
 39673 | Orc:2    | Bought a scroll of magic mapping for 52 gold pieces
 39673 | Orc:2    | Bought a scroll of blinking for 112 gold pieces
 39679 | Orc:2    | Bought an uncursed ring of poison resistance for 240 gold
                  | pieces
 39679 | Orc:2    | Bought an uncursed amulet of magic regeneration for 360
                  | gold pieces
 39743 | Elf:1    | Entered Level 1 of the Elven Halls
 40004 | Spider:1 | Entered Level 1 of the Spider Nest
 40414 | Spider:1 | Reached skill level 15 in Conjurations
 41259 | Spider:1 | Found a transporter.
 41259 | Spider:1 | Noticed pentaxis93's ghost (journeyman TrMo)
 41268 | Spider:1 | Found a transporter.
 42294 | Spider:2 | Got a slimy lead amulet
 42296 | Spider:2 | Identified the amulet of Xom's Recklessness {Regen+ Stlth+}
                  | (You found it on level 2 of the Spider Nest)
 43105 | Spider:2 | Reached XP level 18. HP: 130/139 MP: 25/34
 43457 | Spider:3 | HP: 5/139 [wolf spider (18)]
 43457 | Spider:3 | Mangled by a wolf spider

Levels and vault maps discovered:
D:1:      minmay_arrival_split_and_join, layout_basic, serial_glass,
          glass_columns_b, glass_columns_a, glass_columns_b, glass_columns_a,
          hangedman_decor_riveting, minmay_misc_feat_tower,
          chequers_serial_rivers_small_b, minmay_hexomino_r4
D:2:      layout_rooms, nicolae_overflow_hidden_temple, first_ration,
          grunt_gozag_breadcrumbs, uniq_crazy_yiuf_cottage, uniq_sigmund,
          uniq_robin
D:3:      layout_rooms, lemuel_coloured_pillars_altar, elyvilon_altar_3,
          uniq_terence
D:4:      layout_basic, nicolae_qazlal_style_of_elements,
          gammafunk_ghost_stat_death
D:5:      layout_rooms, doesnt_xom_only_xom, cheibrodos_ashenzari_chains,
          nicolae_ossuary_entry_plus
D:6:      layout_basic, minmay_temple_entry_waves, lemuel_altar_in_water2
D:7:      layout_loops_corners, nicolae_ru_path_of_blood
D:8:      layout_cave_pools, serial_column_ruins, column_ruins_hut_pillars,
          column_ruins_open_small, column_ruins_grid_4,
          column_ruins_open_small_water, hex_medium
D:9:      layout_stronghold, gammafunk_temple_overflow_statue,
          dpeg_oklobed_lair, hangedman_decor_clover_reticule
D:10:     layout_irregular_city
D:11:     minmay_bloctagon, layout_irregular_city, hiddenorc1_lemuel,
          serial_shops, shop, uniq_gastronok
D:12:     layout_loops_cross, gammafunk_ghost_grave, uniq_josephine
D:13:     layout_basic, enter_trove_2, grunt_tengu_nest, uniq_kirke
D:14:     layout_stronghold, grunt_vaults_entry_tiered, gauntlet_entry_generic,
          infiniplex_staircase_zigzag_2, lemuel_oklob_altar
D:15:     grunt_enter_depths_magical_seal, layout_rooms, glass_columns_b,
          corexii_checkpoint_b, minmay_orc_keep
Lair:1:   layout_cave_pods, chequers_serial_rivers_marsh,
          minmay_lair_oklob_chamber, infiniplex_staircase_pool_2,
          grunt_megastairs_5
Lair:2:   layout_regular_city, spider_nest_entry_web_field,
          chequers_serial_rivers_micro_e
Lair:3:   layout_concentric_octagons, minmay_swamp_entry_reptiles,
          serial_bayou_lagoon_a, minivault_26, chequers_serial_rivers_marsh,
          serial_bayou_shore_b
Lair:4:   layout_small_grid, beast_lair_carwin_6, uniq_nessos
Lair:5:   layout_regular_city
Lair:6:   due_jungle_book, layout_long_grid, minmay_slime_entry_pillars,
          gammafunk_ghost_arena, minivault_23
Spider:1: spider_temple_joshua, gammafunk_ghost_arena
Spider:2: layout_chambers, nicolae_spider_webbed_stairs
Spider:3: layout_spider_delve
Orc:1:    layout_caves
Orc:2:    st_orc_elflike, layout_caves
Elf:1:    layout_geoelf_octagon, serial_shops, shop, minmay_elf_necromancy

Skill      XL: |  1  2  3  4  5  6  7  8  9 10 11 12 13 14 15 16 17 |
---------------+----------------------------------------------------+-----
Fighting       | 1 3 4 5 6 7 8 9 10 11 | 11.7
Dodging        | 3 4 6 7 8 9 10 | 10.7
Spellcasting   | 3 4 5 6 7 10 11 12 | 12.7
Conjurations   | 5 7 8 9 10 11 12 13 14 15 | 15.6
Shields        | 3 5 7 9 10 11 13 | 13.3
Invocations    | 2 4 5 7 8 9 |  9.5
Maces & Flails | 1 4 5 |  5.8
Stealth        | |  2.0

Action                   |  1- 3 |  4- 6 |  7- 9 | 10-12 | 13-15 | 16-18 || total
-------------------------+-------+-------+-------+-------+-------+-------++-------
Melee: Short sword       |    13 |       |       |       |       |       ||    13
       Dagger            |       |    27 |   106 |    62 |       |       ||   195
       Whip              |       |       |       |   158 |   275 |   531 ||   964
       Unarmed           |       |       |       |       |       |     2 ||     2
 Cast: Magic Dart        |    59 |   101 |   287 |   356 |   227 |   262 ||  1292
       Searing Ray       |     1 |     5 |    15 |    27 |    56 |    19 ||   123
       Iskenderun's Myst |       |       |    33 |    70 |   314 |   464 ||   881
Invok: Upheaval          |       |       |       |     1 |       |       ||     1
Evoke: Wand              |       |       |     1 |    37 |    24 |    22 ||    84
       Box of beasts     |       |       |       |       |       |     1 ||     1
       Fan of gales      |       |       |       |       |       |     1 ||     1
  Use: Scroll            |     5 |       |    10 |    12 |    11 |    11 ||    49
       Potion            |     1 |       |    13 |     8 |     1 |     5 ||    28
 Stab: Paralysed         |       |       |       |       |       |     7 ||     7
       Invisible         |       |       |       |       |       |     3 ||     3
  Eat: Chunk             |     3 |     6 |     8 |    19 |    32 |    30 ||    98
       Ration            |       |       |     6 |     4 |     6 |     2 ||    18
Armor: Robe              |     6 |     4 |       |       |       |       ||    10
       Leather armour    |       |     9 |    65 |   167 |    98 |   210 ||   549
       Skin              |       |       |    15 |    48 |       |       ||    63
Dodge: Dodged            |    16 |    24 |   135 |   126 |   197 |   340 ||   838
       Deflected         |       |       |       |     6 |     6 |    11 ||    23
Block: Other             |       |       |     5 |     3 |       |       ||     8
       Large shield      |       |       |       |   311 |     8 |  1182 ||  1501
       Shield            |       |       |       |    85 |   431 |       ||   516
       Reflection        |       |       |       |     2 |     2 |       ||     4

Table legend:
 A = Non-vault XP
 B = Vault XP
 C = Vault XP percentage of total XP
 D = Non-vault monster count
 E = Vault monster count
 F = Vault count percentage of total count
                 A         B        C        D         E       F
            +---------+---------+-------+---------+---------+-------
      Total |  132977 |   60827 |  31.4 |     692 |     197 |  22.2
            +---------+---------+-------+---------+---------+-------
        D:1 |      45 |       3 |   6.2 |      27 |       2 |   6.9
        D:2 |      78 |     298 |  79.3 |      19 |      14 |  42.4
        D:3 |     128 |      36 |  22.0 |      32 |       1 |   3.0
        D:4 |     453 |       0 |   0.0 |      20 |       0 |   0.0
        D:5 |     318 |       0 |   0.0 |      21 |       0 |   0.0
        D:6 |     892 |       0 |   0.0 |      14 |       0 |   0.0
        D:7 |    2068 |       0 |   0.0 |      45 |       0 |   0.0
        D:8 |     360 |       0 |   0.0 |      17 |       0 |   0.0
        D:9 |    2697 |       0 |   0.0 |      21 |       0 |   0.0
       D:10 |    6290 |     274 |   4.2 |      45 |       1 |   2.2
       D:11 |    6023 |    6769 |  52.9 |      36 |      35 |  49.3
       D:12 |    6014 |    2686 |  30.9 |      42 |       3 |   6.7
       D:13 |    5311 |    2438 |  31.5 |      19 |       2 |   9.5
       D:14 |   10721 |   10727 |  50.0 |      39 |      26 |  40.0
       D:15 |   12223 |    5277 |  30.2 |      23 |      19 |  45.2
     Lair:1 |    3934 |    1199 |  23.4 |      13 |       5 |  27.8
     Lair:2 |    5327 |    3890 |  42.2 |      22 |       4 |  15.4
     Lair:3 |    2133 |     627 |  22.7 |      10 |       4 |  28.6
     Lair:4 |    6208 |    2600 |  29.5 |      14 |       7 |  33.3
     Lair:5 |   13183 |     286 |   2.1 |      31 |       2 |   6.1
     Lair:6 |   18975 |    3134 |  14.2 |      35 |       7 |  16.7
   Spider:1 |    9891 |   10121 |  50.6 |      33 |      23 |  41.1
   Spider:2 |   13382 |       0 |   0.0 |      42 |       0 |   0.0
   Spider:3 |     646 |       0 |   0.0 |       3 |       0 |   0.0
      Orc:1 |    1672 |     855 |  33.8 |      30 |       1 |   3.2
      Orc:2 |    2672 |    7590 |  74.0 |      37 |      24 |  39.3
      Elf:1 |    1333 |    1736 |  56.6 |       2 |       3 |  60.0
    Ossuary |       0 |     281 | 100.0 |       0 |      14 | 100.0
            +---------+---------+-------+---------+---------+-------
